 Dungeon Crawl Stone Soup version 0.29-a0-362-g5854e031c7 (webtiles) character file.

Game seed: 11195471384783219801

646 Shayle the Sneak (level 7, 0/44 HPs)
             Began as a Tengu Brigand on Apr 29, 2022.
             Killed by divine providence
             ... invoked by an orc priest
              (9 damage)
             ... on level 5 of the Dungeon.
             The game lasted 00:14:58 (5684 turns).

Shayle the Sneak (Tengu Brigand)                    Turns: 5684, Time: 00:14:59

Health: 0/44       AC:  7    Str: 11    XL:     7   Next: 52%
Magic:  13/13      EV: 14    Int: 14    God:
Gold:   310        SH:  5    Dex: 15    Spells: 12/12 levels left

rFire   . . .      SeeInvis .   q - +2 whip (elec)
rCold   + + .      Faith    .   (no shield)
rNeg    . . .      Spirit   .   C - +1 ring mail "Qythuttu" {rElec rC++ rCorr Stlth+}
rPois   .          Reflect  +   j - +0 hat {Will+}
rElec   +          Harm     .   c - +0 cloak
rCorr   +          Rampage  .   (no gloves)
Will    +....                   (boots unavailable)
Stlth   ++++......              l - amulet of reflection
HPRegen 0.14/turn               (no ring)
MPRegen 0.13/turn               (no ring)

@: flying quickly and evasively, quick
A: beak, talons 3, nimble flight
a: no special abilities


You were on level 5 of the Dungeon.
You visited 1 branch of the dungeon, and saw 5 of its levels.

You collected 310 gold pieces.

Inventory:

Hand Weapons
 a - a +2 dagger of freezing
 o - a +2 vorpal hand axe
 q - a +2 whip of electrocution (weapon)
Missiles
 d - 21 poisoned darts
 e - 3 curare-tipped darts (quivered)
 p - 4 throwing nets
 x - 4 atropa-tipped darts
Armour
 b - a +0 robe
 c - a +0 cloak (worn)
 j - a +0 hat of willpower (worn)
 k - a +2 robe of fire resistance
 y - the +1 leather armour of the Skies Above {*Slow Fly Will+++ Stlth+}
   (You found it on level 3 of the Dungeon)

   Fly:       It grants you flight.
   *Slow:     It may slow you when you take damage.
   Will:      It greatly increases your willpower.
   Stlth:     It makes you more stealthy.
 C - the +1 ring mail "Qythuttu" (worn) {rElec rC++ rCorr Stlth+}
   (You found it on level 4 of the Dungeon)

   rC:        It greatly protects you from cold.
   rElec:     It insulates you from electricity.
   rCorr:     It protects you from acid and corrosion.
   Stlth:     It makes you more stealthy.
Magical Staves
 D - a staff of death
Jewellery
 l - an amulet of reflection (around neck)
Wands
 r - a wand of acid (3)
Scrolls
 g - 3 scrolls of magic mapping
 i - a scroll of blinking {unknown}
 n - a scroll of immolation
Potions
 f - a potion of resistance
 m - 2 potions of brilliance
 A - 2 potions of haste


   Skills:
 + Level 4.4 Fighting
 - Level 2.1 Short Blades
 - Level 2.0 Throwing
 + Level 4.2 Dodging
 + Level 5.8 Stealth
 + Level 3.4 Spellcasting


You had 12 spell levels left.
You didn't know any spells.
Your spell library contained the following spells:

 Spells                   Type           Power      Damage    Failure   Level
 Ozocubu's Armour         Ice            2%         N/A       83%         3
 Metabolic Englaciation   Hex/Ice        1%         N/A       100%        5
 Simulacrum               Ice/Necr       1%         N/A       100%        6


Dungeon Overview and Level Annotations

Branches:
Dungeon (5/15)
 Temple: D:4-7

Altars:
Cheibriados

Annotations:
D:4 1 transporter, Shayle's ghost, amateur TeBr


Innate Abilities, Weirdness & Mutations

You have a beak for a mouth.
You have claws for feet.
Your magical nature lets you fly swiftly and evasively.


Message History

a +0 dagger; a +0 robe
There is a stone staircase leading up here.
You start resting.
HP restored.
Things that are here:
a +0 dagger; a +0 robe The ufetubus shouts!
You hear a shout!
You miss the ufetubus.
The orc warrior shouts!
Your kick misses the ufetubus.
You hear a shout! x2
The orc warrior throws a boomerang.
The boomerang hits you! You block the ufetubus's attack.
The ufetubus closely misses you.
You closely miss the ufetubus. You peck the ufetubus.
The ufetubus is heavily wounded.
The ufetubus completely misses you. The ufetubus misses you.
The ufetubus closely misses you. You block the ufetubus's attack.
The orc warrior throws a boomerang.
The boomerang hits you.
You closely miss the ufetubus.
The ufetubus is heavily wounded.
The ufetubus hits you but does no damage.
The ufetubus completely misses you.
The orc warrior throws a boomerang.
The boomerang closely misses you.
The orc priest invokes the aid of Beogh against you.
Beogh smites you!
* * * LOW HITPOINT WARNING * * *
The ufetubus hits you.
* * * LOW HITPOINT WARNING * * *
The ufetubus barely misses you.
You hear a shout! x2
An orc priest comes into view. It is wielding a +0 short sword.
The ufetubus misses you. You block the ufetubus's attack.
The orc wizard gestures wildly while chanting.
The orc wizard flickers and vanishes!
Deactivating autopickup; reactivate with Ctrl-A.
An orc comes into view. It is wielding a +0 club.
The orc warrior throws a boomerang.
The boomerang misses you.
The orc priest calls down the wrath of Beogh upon you.
Beogh smites you!
You die...

#.. ... #........ #..
...... #......... ###..
......###.......o... #....
................o... #....
....................##....
....................#...#.
..{o......................
...o.....@..............#.
.........5................
......#####.####.###......
..... #<)..###....#.##†..
.... #####.........##)..
....#........
#............)))...
...#.......#
#.###........###### .
..#.!.....#
#.............#
#.#..........
..#...........###


You could see an orc warrior, 2 orc priests, an orc (wandering) and an ufetubus.

Vanquished Creatures
  A phantom (D:4)
  A kobold brigand (D:4)
  A scorpion (D:4)
  3 orc priests (D:3)
  Jessica (D:2)
  An iguana (D:4)
  2 orc wizards
  Robin (D:3)
  6 adders
  4 gnolls (D:5)
  An ufetubus (D:4)
  2 worms (D:4)
  4 dart slugs
  13 orcs
  8 bats
  8 endoplasms
  A giant cockroach (D:4)
  16 goblins
  10 hobgoblins
  14 jackals
  5 quokkas
  7 ball pythons
  A frilled lizard (D:2)
  9 kobolds
  7 rats
127 creatures vanquished.

Vanquished Creatures (others)
  30 plants (D:2)
30 creatures vanquished.

Grand Total: 157 creatures vanquished

Notes
Turn   | Place    | Note
-------+----------+-------------------------------------------
     0 | D:1      | Shayle the Tengu Brigand began the quest for the Orb.
     0 | D:1      | Reached XP level 1. HP: 12/12 MP: 2/2
   326 | D:1      | Reached XP level 2. HP: 17/17 MP: 3/3
   846 | D:1      | Reached XP level 3. HP: 18/22 MP: 5/5
   848 | D:1      | Reached skill level 1 in Spellcasting
  1644 | D:2      | Reached XP level 4. HP: 26/27 MP: 7/7
  2498 | D:2      | Noticed Jessica
  2503 | D:2      | Killed Jessica
  2504 | D:2      | Gained mutation: Your magical nature lets you fly swiftly
                  | and evasively. [Tengu growth]
  2504 | D:2      | Reached XP level 5. HP: 32/32 MP: 8/8
  3492 | D:3      | Noticed Robin
  3493 | D:3      | Reached skill level 5 in Stealth
  3655 | D:3      | Found a snail-covered altar of Cheibriados.
  3657 | D:3      | Identified the +1 leather armour of the Skies Above {*Slow
                  | Fly Will+++ Stlth+}
  3759 | D:3      | Reached XP level 6. HP: 37/37 MP: 10/10
  3977 | D:3      | Killed Robin
  4108 | D:4      | Found a transporter.
  4131 | D:4      | Noticed Shayle's ghost (amateur TeBr)
  4394 | D:4      | Reached XP level 7. HP: 43/43 MP: 12/12
  4400 | D:4      | Identified the +1 ring mail "Qythuttu" {rElec rC++ rCorr
                  | Stlth+}
  5005 | D:5      | Entered Level 5 of the Dungeon
  5684 | D:5      | Killed from afar by an orc priest

Illustrated notes

Levels and vault maps discovered:
D:1:      beargit_arrival_diablo_church, layout_basic
D:2:      layout_loops_ring, serial_bayou, serial_bayou_lagoon_b,
          serial_bayou_pond_e, serial_bayou_pond_c, serial_bayou_ford_a,
          uniq_jessica
D:3:      layout_loops_cross, nicolae_overflow_crystal_walls,
          kennysheep_generic_room_14, uniq_robin
D:4:      layout_gridville, gammafunk_ghost_smash
D:5:      layout_basic

Skill      XL: |  1  2  3  4  5  6  7 |
---------------+----------------------+-----
Spellcasting   | 1 2 3 |  3.4
Dodging        | 2 3 4 |  4.2
Fighting       | 3 4 |  4.4
Stealth        | 5 |  5.8
Short Blades   | |  2.1
Throwing       | |  2.0

Action                   |  1- 3 |  4- 6 |  7- 9 || total
-------------------------+-------+-------+-------++-------
Melee: Dagger            |    90 |   142 |       ||   232
       Kick              |    13 |    32 |    11 ||    56
       Peck              |    17 |    25 |    14 ||    56
       Punch             |     1 |     2 |       ||     3
       Whip              |       |    48 |    51 ||    99
Throw: Dart              |       |     8 |       ||     8
  Use: Scroll            |       |     4 |     8 ||    12
       Potion            |       |       |     1 ||     1
 Stab: Sleeping          |     6 |    14 |     2 ||    22
       Distracted        |       |     2 |       ||     2
Armor: Robe              |    36 |    29 |       ||    65
       Ring mail         |       |       |    10 ||    10
Dodge: Dodged            |    54 |    84 |    37 ||   175
Block: Other             |     4 |    42 |    16 ||    62
       Reflection        |       |     1 |       ||     1

Table legend: (Time is in decaauts)
 A = Elapsed time spent in this place.
 B = Non-inter-level travel time spent in this place.
 C = Inter-level travel time spent in this place.
 D = Time resting spent in this place.
 E = Time spent auto-exploring this place.
 F = Levels seen in this place.
 G = Mean time per level.
                   A        B        C        D        E       F      G
               +--------+--------+--------+--------+--------+-----+--------+
         Total |   5513 |   5366 |    147 |   1505 |   2421 |   5 | 1102.6 |
       Dungeon |   5513 |   5366 |    147 |   1505 |   2421 |   5 | 1102.6 |
               +--------+--------+--------+--------+--------+-----+--------+

Top non-repeatable levels by time:
     D:2: 1536 daAuts
     D:1: 1369 daAuts
     D:3: 1327 daAuts
     D:4: 715 daAuts
     D:5: 563 daAuts
